 Dungeon Crawl Stone Soup version 0.31.0-12-g77e489cdc1 (webtiles) character file.

Game seed: 1630942135719158519

186 H0rd4k the Insei (level 5, -1/34 HPs)
             Began as an Octopode Artificer on Mar 5, 2024.
             Killed by divine providence
             ... invoked by an orc priest
              (14 damage)
             ... on level 3 of the Dungeon.
             The game lasted 00:01:36 (1658 turns).

H0rd4k the Insei (Octopode Artificer)               Turns: 1658, Time: 00:01:36

Health: -1/34      AC:  1    Str: 11    XL:     5   Next: 66%
Magic:  5/5        EV: 13    Int: 15    God:
Gold:   137        SH:  0    Dex: 13    Spells: 4/4 levels left

rFire   . .          .
                       - Unarmed
rCold   + . .        (no shield)
rNeg    . . .        (helmet restricted)
rPois   .            h - amulet of regeneration
rElec   .            l - ring of ice
rCorr   .            n - ring of protection from fire
SInv    .            (no ring)
Will    .....        (no ring)
Stlth   +++          (no ring)
HPRegen 1.05/turn    (no ring)
MPRegen 0.09/turn    (no ring)
                     (no ring)

%: no passive effects
@: no status effects
A: almost no armour, amphibious, 8 rings, camouflage 1, gelatinous body 1,
(nimble swimmer 1), tentacles
a: no special abilities


You were on level 3 of the Dungeon.
You visited 1 branch of the dungeon, and saw 3 of its levels.

You collected 137 gold pieces.

Inventory:

Missiles
 m - 5 poisoned darts
Jewellery
 h - an amulet of regeneration (around mantle)
 l - a ring of ice (left tentacle)
 n - a ring of protection from fire (right tentacle)
Talismans
 g - a flux talisman
Wands
 b - a wand of flame (11) (quivered)
 c - a wand of charming (15)
 d - a wand of iceblast (2)
Scrolls
 e - a scroll of amnesia {unknown}
 f - a scroll of teleportation {unknown}
 i - 2 scrolls of identify {unknown}
 j - a scroll of revelation {unknown}
 k - a scroll of fear {unknown}
Potions
 a - a potion of lignification {unknown}


   Skills:
 + Level 2.0 Fighting
 - Level 2.3 Dodging
 - Level 1.3 Stealth
 + Level 4.8 Unarmed Combat
 - Level 3.2 Evocations


You had 4 spell levels left.
You didn't know any spells.
Your spell library contained the following spells:

 Spells                   Type           Power      Damage    Failure   Level
 Slow                     Hex            0%         N/A       26%         1
 Confusing Touch          Hex            0%         N/A       63%         3
 Sigil of Binding         Hex            0%         N/A       63%         3
 Vampiric Draining        Necr           0%         2d6       63%         3


Dungeon Overview and Level Annotations

Branches:
Dungeon (3/15)

Altars:
Hepliaklqana


Innate Abilities, Weirdness & Mutations

You cannot wear most types of armour.
You are amphibious.
You can wear up to eight rings at the same time.
Your skin changes colour to match your surroundings (Stealth+).
Your rubbery body absorbs attacks. (AC +1, EV +1)
((You are camouflaged when in or above water. (Stealth+)))
You have tentacles for arms and can constrict up to eight enemies at once.


Message History

You tentacle-slap the orc. You grab the orc.
The orc is heavily wounded.
You constrict the orc. The orc closely misses you.
You tentacle-slap the orc.
You kill the orc!
Items here: ))) [ ††.
The orc priest hits you with a +0 club.
You tentacle-slap the orc priest but do no damage.
Your grab misses the orc priest. Your squeeze misses the orc priest.
The orc priest looks satisfied for a moment.
You barely miss the orc priest. You grab the orc priest.
You squeeze the orc priest.
The orc priest is lightly wounded.
You constrict the orc priest, but do no damage.
The orc priest misses you.
You tentacle-slap the orc priest but do no damage.
You squeeze the orc priest.
The orc priest is moderately wounded.
You constrict the orc priest, but do no damage.
The orc priest calls down the wrath of Beogh upon you.
Beogh smites you!
You tentacle-slap the orc priest but do no damage.
You squeeze the orc priest.
The orc priest is moderately wounded.
You constrict the orc priest, but do no damage.
The orc priest hits you with a +0 club.
You tentacle-slap the orc priest but do no damage.
You squeeze the orc priest, but do no damage.
The orc priest is moderately wounded.
You constrict the orc priest, but do no damage.
You tentacle-slap the orc priest.
The orc priest is heavily wounded.
You constrict the orc priest, but do no damage.
The orc priest hits you with a +0 club.
You tentacle-slap the orc priest.
The orc priest is heavily wounded.
You constrict the orc priest.
The orc priest invokes the aid of Beogh against you.
Beogh smites you!
You die...

##### # # # # .# # .#..
.# ## #...# .#
.####>..##. ####.#####.
..#...#..#..##..........
....####................
.#..........##.)........
##...#####..##.)@o......
...#...........########.
.####..........#
...............#
####...........#
##..........#
#..........##
#...........###
######.#.##...##


You could see an orc priest.

Vanquished Creatures
  A bombardier beetle (D:3)
  Terence (D:3)
  Ijyb (D:3)
  4 adders
  2 dart slugs (D:1)
  4 orcs (D:3)
  4 ball pythons
  2 endoplasms
  3 giant cockroaches
  5 goblins
  7 hobgoblins
  7 jackals
  3 kobolds (D:1)
  3 quokkas
  4 bats (D:1)
  4 frilled lizards
  4 rats
59 creatures vanquished.

Notes
Turn   | Place    | Note
-------+----------+-------------------------------------------
     0 | D:1      | H0rd4k the Octopode Artificer began the quest for the Orb.
     0 | D:1      | Reached XP level 1. HP: 13/13 MP: 1/1
   169 | D:1      | Reached skill level 1 in Unarmed Combat
   180 | D:1      | Reached XP level 2. HP: 11/18 MP: 2/2
   683 | D:1      | Reached skill level 2 in Unarmed Combat
   690 | D:1      | Reached XP level 3. HP: 19/23 MP: 3/3
  1085 | D:2      | Reached skill level 3 in Unarmed Combat
  1135 | D:2      | Reached XP level 4. HP: 29/29 MP: 4/4
  1353 | D:2      | Found a hazy altar of Hepliaklqana.
  1508 | D:3      | Noticed Terence
  1513 | D:3      | Killed Terence
  1529 | D:3      | Reached skill level 4 in Unarmed Combat
  1529 | D:3      | Reached XP level 5. HP: 24/34 MP: 5/5
  1638 | D:3      | Noticed Ijyb
  1644 | D:3      | Killed Ijyb
  1658 | D:3      | Killed from afar by an orc priest

Illustrated notes

Levels and vault maps discovered:
D:1:      dpeg_arrival_three_same_balls, layout_loops_corners,
          serial_park_tiny_pond, minmay_domino_4
D:2:      layout_rooms, basic_altar
D:3:      layout_rooms, roderic_batcave, uniq_ijyb, uniq_terence

Skill      XL: |  1  2  3  4 |
---------------+-------------+-----
Unarmed Combat | 1 2 3 4 |  4.8
Fighting       | 2 |  2.0
Dodging        | |  2.3
Stealth        | |  1.3
Evocations     | |  3.2

Action                     |  1- 3 |  4- 6 || total
---------------------------+-------+-------++-------
  Melee: Unarmed           |    89 |    52 ||   141
         Constrict         |    24 |    14 ||    38
         Tentacles         |    20 |    14 ||    34
         Punch             |     3 |     2 ||     5
  Evoke: Wand              |     4 |     3 ||     7
   Stab: Sleeping          |     6 |     3 ||     9
 Armour: Skin              |    37 |    18 ||    55
  Dodge: Dodged            |    66 |    23 ||    89
